 Dungeon Crawl Stone Soup version 0.29-a0-92-gee772dd00f (webtiles) character file.

Game seed: 12696566112229886870

184 jlumianski the Firebug (level 5, -7/37 (40) HPs)
             Began as a Hill Orc Fire Elementalist on Feb 10, 2022.
             Mangled by a wight (9 damage)
             ... on level 3 of the Dungeon.
             The game lasted 00:13:10 (3196 turns).

jlumianski the Firebug (Hill Orc Fire Elementalist) Turns: 3196, Time: 00:13:11

HP:   -7/37 (40)    AC:  6    Str: 13    XL:     5   Next: 63%
MP:   0/8           EV: 11    Int: 15    God:
Gold: 69            SH:  0    Dex: 11    Spells: 5/8 levels left

rFire   . . .      SeeInvis .   m - +0 hand axe
rCold   . . .      Faith    .   (no shield)
rNeg    . . .      Spirit   .   l - +0 leather armour
rPois   +          Reflect  .   g - +2 helmet
rElec   .          Harm     .   (no cloak)
rCorr   .          Rampage  .   (no gloves)
Will    .....                   (no boots)
Stlth   ++........              (no amulet)
HPRegen 0.12/turn               r - ring of poison resistance
MPRegen 0.11/turn               (no ring)

@: drained
A: no striking features
a: no special abilities


You were on level 3 of the Dungeon.
You visited 1 branch of the dungeon, and saw 3 of its levels.

You collected 69 gold pieces.

Inventory:

Hand Weapons
 b - a +0 dagger
 c - a +0 spear
 j - a +1 dagger of speed
 m - a +0 hand axe (weapon)
Missiles
 h - 107 stones
 i - 53 sling bullets
 n - 3 curare-tipped darts (quivered)
Armour
 a - a +0 robe
 g - a +2 helmet (worn)
 l - a +0 leather armour (worn)
Jewellery
 r - a ring of poison resistance (left hand)
Scrolls
 k - 2 scrolls of teleportation
 p - a scroll of enchant weapon {unknown}
 q - a scroll of immolation {unknown}
 s - a scroll of amnesia {unknown}
Potions
 d - a potion of curing {unknown}
 e - a potion of might {unknown}
 f - a potion of degeneration {unknown}
 o - a potion of ambrosia


   Skills:
 * Level 1.5 Fighting
 * Level 2.2(2.3) Axes
 + Level 0.7(1.3) Polearms
 + Level 0.1 Throwing
 + Level 0.7 Armour
 + Level 2.1 Dodging
 + Level 2.0 Stealth
 + Level 2.3 Spellcasting
 + Level 1.7 Conjurations
 + Level 4.3 Fire Magic


You had 5 spell levels left.
You knew the following spells:

 Your Spells              Type           Power      Damage    Failure   Level
a - Foxfire               Conj/Fire      40%        2x1d6     8%          1
b - Scorch                Fire           28%        2d6       7%          2

Your spell library contained the following spells:

 Spells                   Type           Power      Damage    Failure   Level
 Conjure Flame            Conj/Fire      10%        6-21      24%         3
 Inner Flame              Hex/Fire       8%         N/A       34%         3
 Flame Wave               Conj/Fire      10%        2d5       61%         4


Dungeon Overview and Level Annotations

Branches:
Dungeon (3/15)

Altars:


Message History

Confirm with . or Enter, or press ? or * to list all spells.
You conjure some foxfire!
The wight completely misses you.
You barely miss the wight.
The wight is severely damaged.
The foxfire hits the wight but does no damage.
The wight is severely damaged.
The wight hits you but does no damage.
You hit the wight.
The wight is almost destroyed.
The wight closely misses you.
You hit the wight but do no damage.
The wight is almost destroyed.
The wight barely misses you.
The wight hits you with a +0 short sword!
* * * LOW HITPOINT WARNING * * *
You feel drained.
* * * LOW HITPOINT WARNING * * *
Unknown command.
Unknown command.
You barely miss the wight.
The wight is severely damaged.
The wight hits you but does no damage.
Casting: Foxfire (safe; 8% risk of failure)
Confirm with . or Enter, or press ? or * to list all spells.
You conjure some foxfire!
The wight barely misses you.
You barely miss the wight.
The wight is severely damaged.
The foxfire hits the wight but does no damage.
The wight is severely damaged.
The wight hits you but does no damage.
You hit the wight but do no damage.
The wight is severely damaged.
The wight barely misses you.
You barely miss the wight.
The wight is severely damaged.
The wight barely misses you.
You barely miss the wight.
The wight is severely damaged.
The wight hits you with a +0 short sword!
You die...

#.†...........#
#.###########.#
#.# ## #.####
#.# .. #.....
#.# .# ######
#.# .# #.....
#.# .# .##.####
#.####.#...##.#
#@z.)......##.#
######.#...##.#
... #.#.####
#...# #.#...
.### #>#.## .z
#.....
########.##
...........
....#####.#


You could see a wight.

Vanquished Creatures
  An ogre (D:3)
  A wight (D:3)
  An adder (D:2)
  2 worms
  A dart slug (D:1)
  2 endoplasms (D:3)
  2 giant cockroaches
  5 hobgoblins
  6 jackals
  3 quokkas
  4 ball pythons
  3 bats
  3 frilled lizards
  3 goblins
  7 kobolds
  4 rats
48 creatures vanquished.

Vanquished Creatures (others)
  69 foxfires
  A fungus (D:1)
70 creatures vanquished.

Grand Total: 118 creatures vanquished

Notes
Turn   | Place    | Note
-------+----------+-------------------------------------------
     0 | D:1      | jlumianski the Hill Orc Fire Elementalist began the quest
                  | for the Orb.
     0 | D:1      | Reached XP level 1. HP: 14/14 MP: 3/3
   317 | D:1      | Reached XP level 2. HP: 20/20 MP: 2/4
   320 | D:1      | Learned a level 2 spell: Scorch
   416 | D:1      | Found a faded altar of an unknown god.
   926 | D:1      | HP: 1/20 [jackal (3)]
   943 | D:1      | HP: 1/20 [jackal (1)]
   947 | D:1      | Reached XP level 3. HP: 2/26 MP: 0/5
  2779 | D:3      | Reached skill level 4 in Fire Magic
  2779 | D:3      | Reached XP level 4. HP: 33/33 MP: 7/7
  2866 | D:3      | Noticed an ogre
  2871 | D:3      | Killed an ogre
  2872 | D:3      | Reached skill level 1 in Fighting
  2872 | D:3      | Reached skill level 1 in Axes
  2872 | D:3      | Reached XP level 5. HP: 28/40 MP: 1/8
  3190 | D:3      | HP: 1/37 [wight (3)]
  3196 | D:3      | Mangled by a wight

Illustrated notes

Levels and vault maps discovered:
D:1:      shiori_arrival_oz, layout_basic, dreamdust_ecumenical_altar_grove
D:2:      layout_basic
D:3:      layout_basic

Skill      XL: |  1  2  3  4  5 |
---------------+----------------+-----
Spellcasting   | 2 |  2.3
Dodging        | 2 |  2.1
Fire Magic     | 4 |  4.3
Fighting       | 1 |  1.5
Axes           | 1 2 |  2.2
Stealth        | 2 |  2.0
Polearms       | |  0.7
Throwing       | |  0.1
Armour         | |  0.7
Conjurations   | |  1.7

Action                   |  1- 3 |  4- 6 || total
-------------------------+-------+-------++-------
Melee: Spear             |    32 |       ||    32
       Dagger            |     2 |       ||     2
       Hand axe          |    19 |    22 ||    41
Throw: Dart              |       |     2 ||     2
 Cast: Foxfire           |    34 |     8 ||    42
       Scorch            |    11 |     7 ||    18
  Use: Scroll            |     5 |       ||     5
       Potion            |     1 |       ||     1
 Stab: Sleeping          |     2 |     1 ||     3
Armor: Robe              |    14 |       ||    14
       Leather armour    |     9 |     5 ||    14
Dodge: Dodged            |    63 |    12 ||    75

Table legend: (Time is in decaauts)
 A = Elapsed time spent in this place.
 B = Non-inter-level travel time spent in this place.
 C = Inter-level travel time spent in this place.
 D = Time resting spent in this place.
 E = Time spent auto-exploring this place.
 F = Levels seen in this place.
 G = Mean time per level.
                   A        B        C        D        E       F      G
               +--------+--------+--------+--------+--------+-----+--------+
         Total |   3211 |   3180 |     31 |    549 |   1866 |   3 | 1070.3 |
       Dungeon |   3211 |   3180 |     31 |    549 |   1866 |   3 | 1070.3 |
               +--------+--------+--------+--------+--------+-----+--------+

Top non-repeatable levels by time:
     D:1: 1528 daAuts
     D:3: 851 daAuts
     D:2: 831 daAuts
